Match 45257887
Unlisted

Match 45257887
End
Scout Squad
Construct Barracks
Selects Armored Battlegroup
Selects Veteran Crews
1⁄4-ton 4x4 Truck
Riflemen Squad
Riflemen Squad
Mechanized Support Center
Engineer Squad
Construct Motor Pool
Selects Fast Deploy
M16 Multiple Gun Motor Carriage
M8 Greyhound Armored Car
Selects Field Repairs
Construct Medical Station
Selects War Machine
M24 Chaffee Light Tank
Selects Seek and Destroy
Riflemen Squad
M16 Multiple Gun Motor Carriage
M24 Chaffee Light Tank
M3 75 mm Gun Motor Carriage
Designate Forward Repair Station
M16 Multiple Gun Motor Carriage
M3 75 mm Gun Motor Carriage
Rapid Repairs
DexN
Skeng.Tecnica.International
0
0

Comments sign in to comment!

No comments posted yet!